[Event "Oberliga Wuerttemberg 2023-24"]
[Site "Wuerttemberg"]
[Date "2024.04.14"]
[Round "9.15"]
[White "Goldinov, Daniel"]
[Black "Martaler, Jewgeni"]
[Result "1-0"]
[ECO "A80"]
[WhiteElo "1910"]
[BlackElo "2198"]
[Annotator "TA"]
[PlyCount "87"]
[EventDate "2024.03.14"]
[EventType "team-tourn"]
[EventCountry "GER"]
[SourceTitle "playchess.com"]
[Source "ChessBase"]
[SourceQuality "1"]
[TimeControl "40/5400+30:1800+30"]

1. d4 f5 2. Nc3 Nf6 3. Bf4 e6 4. g4 Nxg4 5. e4 Bb4 6. Qd3 (6. exf5 $11 {feels stronger.} Bxc3+ 7. bxc3) 6... O-O (6... Nc6 $15 7. exf5 O-O) 7. h3 $2 (7. e5 $1 $11) 7... Nf6 (7... fxe4 $19 8. Qg3 Qf6) 8. exf5 $17 {[%emt 0:08:58] Black is better.} Nd5 9. Bd2 Bxc3 (9... Rxf5 10. Nge2 $15) 10. bxc3 Rxf5 (10... Qf6 $17) 11. c4 (11. Qg3 $1 $15) 11... Nf4 $36 {[%emt 0:00:58][%mdl 2048] Black is really pushing.} 12. Qg3 Qf8 13. Ne2 Nh5 {[%emt 0:01:40] Excellent horsemanship.} 14. Qg4 (14. Qh4 $17) 14... Nc6 $19 15. c3 (15. Qh4 {might work better.}) 15... d6 16. Ng3 Nxg3 17. Qxg3 e5 18. d5 Ne7 19. Bg2 (19. h4 {was necessary.}) 19... Rf6 20. O-O-O Bf5 {[%emt 0:00:46] Hoping for ...Rg6.} 21. Rdg1 Rg6 22. Qe3 c6 23. h4 cxd5 24. h5 {[%emt 0:01:09] [#]} Rxg2 25. Rxg2 $17 Be4 ({But not} 25... dxc4 $6 26. Rhg1 g6 27. hxg6 Bxg6 28. Qe4 $11) 26. f3 Qxf3 27. Rhg1 Qxe3 (27... Qxh5 $2 {is the wrong capture.} 28. Rxg7+ Kf8 29. Qf2+ Bf3 30. c5 $18) (27... Qxg2 $2 {perishes.} 28. Rxg2 Nf5 (28... Bxg2 $2 29. Qg5 $18) 29. Qg5 $18) 28. Rxg7+ Kh8 29. Bxe3 Nf5 30. Rxb7 (30. R7g3 $17) 30... Nxe3 $19 31. cxd5 Bxd5 32. Rd7 Nc4 (32... Bxa2 $19 {Strongly threatening ...Nf5.} 33. Rg5 Bg8 34. Rxd6 a5) 33. Rgg7 (33. Rc7 $17) 33... Be4 34. h6 a5 35. a4 Bg6 {[%emt 0:00:36] ...Rf8 would now be deadly.} 36. Rc7 d5 37. Rc5 $2 (37. Rgd7 $17) 37... Be4 38. Rgc7 $2 (38. Re7) 38... Kg8 $2 (38... Rg8 $19 39. Rxc4 dxc4 40. Rxc4 Bh1) 39. Rg7+ $11 {[%emt 0:00:29] [#]} Kh8 $2 (39... Kf8 $1 $17 40. Rc6 Rb8) 40. Rgc7 $1 $19 Bf5 {[%emt 0:01:04] Inhibits Rc8+.} ({Black should try} 40... Rg8 $19 41. Rxc4 dxc4 42. Rxc4 Bh1) 41. Rxd5 $11 Nb6 $2 (41... Be6 $11 {and Black stays safe.} 42. Rdc5 Nb6) 42. Rxe5 $18 Bg6 (42... Bd7 43. c4 Bh3) 43. Rb5 Nxa4 {[%emt 0:01:11] [#]} 44. Rxa5 $3 {[%emt 0:01:09][%mdl 512] Weighted Error Value: White=0.37/Black=0.58.  Loses game:     	White=2     	Black=1      Missed win:     	---       	Black=2      Mistake:       	White=7     	Black=7      Inaccurate:     	---       	Black=4      OK:         	White=10    	Black=11     Best:        	White=5     	Black=4      Strong:       	White=1     	---} 1-0

[Event "Oberliga Wuerttemberg 2023-24"]
[Site "Wuerttemberg"]
[Date "2024.04.14"]
[Round "9.16"]
[White "Schuh, Bernd-Martin"]
[Black "Reus, Nicholas"]
[Result "1/2-1/2"]
[ECO "A11"]
[WhiteElo "1976"]
[BlackElo "1880"]
[Annotator "NA RC"]
[PlyCount "68"]
[EventDate "2024.03.14"]
[EventType "team-tourn"]
[EventCountry "GER"]
[SourceTitle "playchess.com"]
[Source "ChessBase"]
[SourceQuality "1"]
[TimeControl "40/5400+30:1800+30"]

1. Nf3 d5 2. g3 Nf6 3. c4 c6 4. b3 g6 5. Bb2 Bg7 6. Bg2 O-O 7. O-O a5 8. d3 Re8 9. Qc2 Nbd7 10. Nc3 e5 11. cxd5 cxd5 12. Nd2 Nb8 13. e4 Nc6 14. Nxd5 Nxd5 15. exd5 Nb4 16. Qb1 Nxd5 17. a3 Ra6 18. Re1 Bf5 19. Ne4 Rb6 20. Qd1 Nc7 21. Rc1 Ne6 22. Bc3 Ra6 23. b4 axb4 24. axb4 Qb6 25. Nc5 Nxc5 26. bxc5 Qxc5 27. Bxe5 Qa5 28. Bc3 Rxe1+ 29. Bxe1 Qd8 30. Bxb7 Rd6 31. Qa4 Rd4 32. Qa8 Rxd3 33. Qxd8+ Rxd8 34. Kg2 Bf6 1/2-1/2

[Event "Oberliga Wuerttemberg 2023-24"]
[Site "Wuerttemberg"]
[Date "2024.04.14"]
[Round "9.17"]
[White "Nevednichy, Vladislav"]
[Black "Braun, Georg"]
[Result "1-0"]
[ECO "B12"]
[WhiteElo "2457"]
[BlackElo "2393"]
[Annotator "TA"]
[PlyCount "45"]
[EventDate "2024.03.14"]
[EventType "team-tourn"]
[EventCountry "GER"]
[SourceTitle "playchess.com"]
[Source "ChessBase"]
[SourceQuality "1"]
[TimeControl "40/5400+30:1800+30"]

1. e4 c6 2. d4 d5 3. e5 Bf5 4. h4 Qc8 5. c4 e6 6. Nc3 h6 7. Nge2 dxc4 8. Ng3 {[%emt 0:00:47][%cal Og3f5] aiming for Nxf5! White is slightly better.} b5 9. a4 {[%emt 0:02:40][%mdl 1024] [#] Hoping for Nxf5. White has strong compensation. White is more active.} Bb4 10. Qf3 {[%emt 0:05:29] Strongly threatening Nxf5.} Nd7 (10... Ne7 $142) 11. Nh5 (11. Nxf5 $16 exf5 12. axb5 (12. Qxf5 c5 $16)) 11... g6 $14 12. g4 $36 {[%emt 0:01:04][%mdl 2048] White fights for an advantage.} Ne7 {[%emt 0:05:05] [#] Loses the game.} (12... Bd3 $14 13. Bxd3 cxd3) 13. Nf6+ $18 Nxf6 14. exf6 Bxg4 15. Qxg4 Nd5 16. Qf3 Qd8 17. Bg2 a5 18. O-O Bxc3 19. bxc3 {[%emt 0:00:03] Black must now prevent axb5.} Kd7 20. Bd2 Qxf6 21. Qxf6 Nxf6 22. axb5 cxb5 23. Rfb1 {[%emt 0:00:06] Weighted Error Value: White=0.15 (very precise) /Black=0.35.  Loses game:     	---       	Black=1      Mistake:       	White=1     	Black=1      Inaccurate:     	---       	Black=2      OK:         	White=8     	Black=6      Best:        	White=1     	Black=1} 1-0

[Event "Oberliga Wuerttemberg 2023-24"]
[Site "Wuerttemberg"]
[Date "2024.04.14"]
[Round "9.18"]
[White "Waffenschmidt, Lars"]
[Black "Manoeuvre, Antoine"]
[Result "1/2-1/2"]
[ECO "C01"]
[WhiteElo "2290"]
[BlackElo "2317"]
[Annotator "TA"]
[PlyCount "29"]
[EventDate "2024.03.14"]
[EventType "team-tourn"]
[EventCountry "GER"]
[SourceTitle "playchess.com"]
[Source "ChessBase"]
[SourceQuality "1"]
[TimeControl "40/5400+30:1800+30"]

1. e4 e6 2. d4 d5 3. exd5 exd5 4. Nf3 Nf6 5. Bd3 Bd6 6. O-O O-O 7. h3 h6 8. Nc3 a6 9. Re1 Nc6 10. a3 Re8 11. Rxe8+ Qxe8 12. Be3 Ne7 13. Nh4 g5 14. Qf3 Kg7 15. Nf5+ {[%emt 0:11:39] Not much happened in this game.   Weighted Error Value: White=0.08 (flawless) /Black=0.02 (flawless) .  Inaccurate:     	White=2     	---        OK:         	White=4     	Black=3} 1/2-1/2

[Event "Oberliga Wuerttemberg 2023-24"]
[Site "Wuerttemberg"]
[Date "2024.04.14"]
[Round "9.19"]
[White "Svana, Peter"]
[Black "Hartmann, Martin"]
[Result "1-0"]
[ECO "A61"]
[WhiteElo "2256"]
[BlackElo "2158"]
[Annotator "TA"]
[PlyCount "105"]
[EventDate "2024.03.14"]
[EventType "team-tourn"]
[EventCountry "GER"]
[SourceTitle "playchess.com"]
[Source "ChessBase"]
[SourceQuality "1"]
[TimeControl "40/5400+30:1800+30"]

1. d4 Nf6 2. c4 e6 3. Nc3 c5 4. d5 exd5 5. cxd5 d6 6. Nf3 g6 7. Bf4 Bg7 8. e3 (8. e4 $14 {should be considered.}) 8... O-O $11 9. Be2 Na6 10. O-O {[%emt 0:00:40] The position is equal.} Re8 (10... Nc7 $11) 11. Nd2 $14 Nc7 12. Nc4 Bf8 13. a4 b6 14. Re1 Ba6 15. b3 Qd7 16. Bf3 Rad8 17. e4 Bxc4 18. bxc4 Bg7 19. Ra3 Qe7 20. Nb5 {[%emt 0:02:06][%cal Bc3b5,Bb5a7,Ba7c6][%mdl 32] White is more active.} a6 {[%emt 0:03:33] Loses the game.} (20... Nxb5 $16 21. axb5 h5) 21. Na7 $18 Nd7 22. Nc6 {[%emt 0:02:26][%csl LRd8,LRe7] Against Nb8} Qf6 23. Qc1 {[%emt 0:10:48][%cal Of4g5] Hoping for Bg5!} Ra8 24. Rb3 {[%emt 0:00:47] Strongly threatening Bg5. Black is weak on the light squares} Bf8 25. Bg4 Ne5 26. Bxe5 dxe5 27. Rxb6 Bd6 28. Bd7 Rf8 {[%emt 0:00:55] [#]} 29. f4 $1 Ne8 (29... Qg7 30. Rb7) 30. Nxe5 Bxe5 31. Rxf6 Bd4+ 32. Kh1 Nxf6 33. Bh3 Rab8 34. e5 Nh5 35. f5 Ng7 36. f6 Ne8 37. Bd7 {[%emt 0:02:28] Threatens to win with Bxe8.} Kh8 38. g3 Rg8 39. Qg5 Rb7 40. Bxe8 Rxe8 41. Qh6 {[%emt 0:30:08][%csl Gf6][%cal Rh6g7] White mates.} Rg8 42. Re4 g5 43. e6 Rb1+ 44. Kg2 Rb2+ 45. Kh3 Bg1 46. Kg4 (46. exf7 $2 {leads to mate.} g4+ 47. Rxg4 Rxh2#) 46... Rxh2 {[%emt 0:00:21] [#]} 47. Qxh2 $3 Bxh2 {[%emt 0:00:04] KRB-KR} 48. e7 h5+ 49. Kxh5 Bxg3 50. e8=Q Rxe8 51. Rxe8+ Kh7 52. Kxg5 a5 53. Rf8 {[%emt 0:01:25] Weighted Error Value: White=0.08 (flawless) /Black=0.37.  Loses game:     	---       	Black=1      Mistake:       	---       	Black=1      Inaccurate:     	---       	Black=1      OK:         	White=14    	Black=12     Best:        	White=2     	---} 1-0

[Event "Oberliga Wuerttemberg 2023-24"]
[Site "Wuerttemberg"]
[Date "2024.04.14"]
[Round "9.20"]
[White "Latzke, Boris"]
[Black "Danada, Tomas"]
[Result "0-1"]
[ECO "D31"]
[WhiteElo "2175"]
[BlackElo "2195"]
[Annotator "TA"]
[PlyCount "52"]
[EventDate "2024.03.14"]
[EventType "team-tourn"]
[EventCountry "GER"]
[SourceTitle "playchess.com"]
[Source "ChessBase"]
[SourceQuality "1"]
[TimeControl "40/5400+30:1800+30"]

1. d4 Nf6 2. c4 e6 3. Nf3 d5 4. Nc3 Bb4 5. Bg5 dxc4 6. e3 b5 7. Be2 Bb7 8. O-O a6 9. a4 c6 10. Qc2 Nbd7 11. e4 h6 12. Bh4 (12. Bd2 $1 $15 {is more appropriate.}) 12... Qb6 $17 13. e5 Nd5 {[%emt 0:02:36] Black is better.} 14. Ne4 {[%emt 0:07:44] [#]} (14. Rfd1 $17) 14... O-O $1 $19 15. Rfd1 c5 16. dxc5 (16. Bg3 $142) 16... Nxc5 17. Nf6+ $2 (17. Nxc5 {was worth a try.} Bxc5 18. Ne1) 17... gxf6 18. Rxd5 (18. Qc1 $142 Kh7 (18... Nxa4 $2 19. Qxh6 $18) 19. exf6) 18... Bxd5 19. Qc1 Kh7 (19... Nxa4 $2 20. Qxh6 $18) 20. Bxf6 Ne4 ({Inferior is} 20... bxa4 21. Ng5+ Kg8 (21... hxg5 22. Qxg5 Rg8 23. Qh5#) 22. Nh3 $11) 21. Bh4 Bc5 22. Qf4 Bxf2+ 23. Bxf2 Qxf2+ 24. Kh1 Qxe2 25. Re1 Nf2+ 26. Kg1 {[%emt 0:00:10] [#]} Qxf3 $3 {[%emt 0:00:48] White got outplayed after the opening.   Weighted Error Value: White=1.62/Black=0.02 (flawless) .  Mistake:       	White=5     	---        OK:         	---       	Black=4      Best:        	---       	Black=1} 0-1

[Event "Oberliga Wuerttemberg 2023-24"]
[Site "Wuerttemberg"]
[Date "2024.04.14"]
[Round "9.21"]
[White "Eric, Jovana"]
[Black "Khadempour, Farhad"]
[Result "1-0"]
[ECO "C11"]
[WhiteElo "2162"]
[BlackElo "2136"]
[Annotator "RC"]
[PlyCount "55"]
[EventDate "2024.03.14"]
[EventType "team-tourn"]
[EventCountry "GER"]
[SourceTitle "playchess.com"]
[Source "ChessBase"]
[SourceQuality "1"]
[TimeControl "40/5400+30:1800+30"]

1. e4 e6 2. d4 d5 3. Nc3 Nf6 4. e5 Nfd7 5. f4 c5 6. Nf3 Nc6 7. Be3 a6 8. a3 b5 9. dxc5 Bxc5 10. Bxc5 Nxc5 11. b4 Nd7 12. Bd3 Qb6 13. Qd2 Bb7 14. Ne2 g6 15. c3 a5 16. Rb1 axb4 17. axb4 h5 18. Ned4 Nxd4 19. Nxd4 Bc6 20. O-O O-O 21. Kh1 Kg7 22. Rbe1 Rg8 23. f5 exf5 24. e6 fxe6 25. Rxe6 Rac8 26. Nxf5+ Kf7 27. Nd4+ Kg7 28. Rxg6+ 1-0

[Event "Oberliga Wuerttemberg 2023-24"]
[Site "Wuerttemberg"]
[Date "2024.04.14"]
[Round "9.24"]
[White "Omert, Oliver"]
[Black "Naumann, Lennart"]
[Result "1-0"]
[ECO "C42"]
[WhiteElo "1980"]
[BlackElo "1714"]
[Annotator "NA RC"]
[PlyCount "41"]
[EventDate "2024.03.14"]
[EventType "team-tourn"]
[EventCountry "GER"]
[SourceTitle "playchess.com"]
[Source "ChessBase"]
[SourceQuality "1"]
[TimeControl "40/5400+30:1800+30"]

1. e4 e5 2. Nf3 Nf6 3. Nc3 Bb4 4. Nxe5 Qe7 5. Nd3 Bxc3 6. dxc3 Qxe4+ 7. Be2 O-O 8. O-O Nc6 9. Re1 d6 10. Bf3 Qg6 11. h3 Ne5 12. Nxe5 dxe5 13. Rxe5 Bf5 14. Bxb7 Bxc2 15. Qf3 Rae8 16. Bf4 Rb8 17. Rae1 Nd7 18. Re7 Nc5 19. Bd5 Nd3 20. R1e3 Rxb2 21. Rxf7 1-0

[Event "Oberliga Wuerttemberg 2023-24"]
[Site "Wuerttemberg"]
[Date "2024.04.14"]
[Round "9.25"]
[White "Krassowizkij, Jaroslaw"]
[Black "Dabo-Peranic, Robert"]
[Result "1-0"]
[ECO "D26"]
[WhiteElo "2431"]
[BlackElo "2345"]
[Annotator "TA"]
[PlyCount "57"]
[EventDate "2024.03.14"]
[EventType "team-tourn"]
[EventCountry "GER"]
[SourceTitle "playchess.com"]
[Source "ChessBase"]
[SourceQuality "1"]
[TimeControl "40/5400+30:1800+30"]

1. d4 d5 2. c4 dxc4 3. e3 Nf6 4. Bxc4 e6 5. Nf3 a6 6. O-O b5 7. Bd3 Bb7 8. a4 Nbd7 9. axb5 axb5 10. Rxa8 {[%emt 0:00:07] White is slightly better.} Qxa8 11. Bxb5 Be7 12. Qa4 Bxf3 13. gxf3 Qxf3 14. Nd2 Qg4+ 15. Kh1 Bd6 $2 {[%emt 0:00:14][%mdl 8192] [#] Loses the game.} (15... Qh3 $1 $11 {and Black has nothing to worry.}) 16. Bxd7+ $1 $18 Nxd7 $2 (16... Ke7 {was worth a try.} 17. Bb5 Bxh2) 17. Qa8+ {[%emt 0:01:44] White is clearly winning.} Ke7 18. Qxh8 Nf6 {[%emt 0:43:07][%cal Bd7f6,Bf6g4,Bg4f2][%mdl 32] Hoping for ...Qh3.} 19. f4 Qe2 20. Qxg7 Ng4 21. Qxh7 Bb4 {[%emt 0:03:35] [#]} 22. Qh3 $1 Nf2+ {[%emt 0:05:36] [#]} 23. Rxf2 $1 Qxf2 24. Nf3 Qc2 25. Qf1 f6 26. h4 Kd6 27. Kg1 c6 28. h5 Qf5 29. Qc4 {[%emt 0:02:02] Weighted Error Value: White=0.02 (flawless) /Black=0.55.  Loses game:     	---       	Black=1      Mistake:       	---       	Black=1      Inaccurate:     	White=1     	---        OK:         	White=10    	Black=5      Best:        	White=2     	Black=1      Strong:       	White=1     	---        Brilliant:      	White=1     	---} 1-0

[Event "Oberliga Wuerttemberg 2023-24"]
[Site "Wuerttemberg"]
[Date "2024.04.14"]
[Round "9.27"]
[White "Anistratov, Dmitriy"]
[Black "Ruf, Matthias"]
[Result "0-1"]
[ECO "B06"]
[WhiteElo "2275"]
[BlackElo "2310"]
[Annotator "TA"]
[PlyCount "120"]
[EventDate "2024.03.14"]
[EventType "team-tourn"]
[EventCountry "GER"]
[SourceTitle "playchess.com"]
[Source "ChessBase"]
[SourceQuality "1"]
[TimeControl "40/5400+30:1800+30"]

1. e4 g6 2. d4 Bg7 3. Nc3 d6 4. Nf3 a6 5. a4 Bg4 6. Be3 Nc6 7. Be2 e5 8. dxe5 dxe5 9. Qxd8+ Rxd8 10. Nd5 Rd7 11. O-O-O h6 12. Bc5 {[%emt 0:15:37] White is slightly better.} Nf6 13. Nxf6+ (13. Rhe1 {looks sharper.} Nxe4 14. Nxe5 Rxd5 15. Rxd5 Be6 16. Nxc6 Bxd5 17. Bd4) 13... Bxf6 14. Rxd7 Bxd7 15. Bc4 b6 16. Be3 Nd8 17. Bxa6 Bxa4 18. h4 Bc6 19. Bd3 Bg7 20. h5 g5 {[%emt 0:13:00][%cal Of7f5] Wards off Nh4} 21. Bd2 O-O 22. Bc3 Re8 23. Re1 Bd7 24. Nh2 Ne6 25. g3 {[%emt 0:04:16] Prevents Nf4} b5 26. Ng4 Nd4 27. Ne3 c5 28. Nf5 c4 {[%emt 0:03:07] [#] Hoping for ...Nxf5.} 29. Nxg7 Kxg7 30. Bf1 Bg4 31. f4 f6 32. fxg5 fxg5 (32... Bxh5 33. gxf6+ Kxf6 34. b3 $15) 33. b3 cxb3 {[%emt 0:03:13] [#] And now ...Rc8 would win. Black is more active.} 34. Bxd4 exd4 35. cxb3 $15 {[%emt 0:00:14][%mdl 4096] Endgame. KRB-KRB} Rc8+ (35... Bxh5 36. Kd2) 36. Kb2 (36. Kd2 $15) 36... Rc3 $19 (36... Bxh5 37. Bxb5 Rc3 38. e5 $17) 37. Bxb5 Rxg3 ({Don't do} 37... Bxh5 38. e5 $17) 38. e5 Bxh5 39. e6 $2 (39. b4 $17) 39... Re3 40. Rh1 Bf3 41. Rf1 g4 42. Bc4 Kf6 43. b4 Rc3 44. Bb3 h5 45. Re1 Rc7 46. b5 Re7 47. Rc1 Bb7 48. Rf1+ Ke5 {[%emt 0:04:23] aiming for ...g3.} 49. Rf7 Kd6 {[%emt 0:00:07] Threatens to win with ...g3.} 50. Rf4 g3 {[%emt 0:02:38] ...g2 is the strong threat.} 51. Rxd4+ Ke5 52. Rh4 Bf3 {[%emt 0:02:21] ( -> ...g2)} 53. Rc4 g2 ({Not} 53... Kxe6 54. Rc3+ (54. Rf4+ Bd5 $17) 54... Kd6 (54... Bd5 55. Rxg3 Bxb3 56. Kxb3 $11) 55. Rxf3 $11) 54. Rc1 h4 {[%emt 0:00:05] Black mates.} 55. Re1+ Kf4 56. b6 h3 57. Rc1 h2 58. Rc7 g1=Q 59. Rxe7 Qd4+ 60. Ka2 h1=Q {[%emt 0:00:10] Weighted Error Value: White=0.97/Black=0.41.  Loses game:     	White=1     	---        Mistake:       	White=1     	---        Inaccurate:     	White=8     	Black=3      OK:         	White=6     	Black=14     Best:        	White=3     	Black=3} 0-1

[Event "Oberliga Wuerttemberg 2023-24"]
[Site "Wuerttemberg"]
[Date "2024.04.14"]
[Round "9.28"]
[White "Koellner, Aaron Noah"]
[Black "Stiepan, Hans-Michael"]
[Result "1/2-1/2"]
[ECO "D05"]
[WhiteElo "2104"]
[BlackElo "2120"]
[Annotator "RC"]
[PlyCount "155"]
[EventDate "2024.03.14"]
[EventType "team-tourn"]
[EventCountry "GER"]
[SourceTitle "playchess.com"]
[Source "ChessBase"]
[SourceQuality "1"]
[TimeControl "40/5400+30:1800+30"]

1. d4 e6 2. Nf3 Nf6 3. Nbd2 d5 4. e3 c5 5. b3 Bd6 6. dxc5 Bxc5 7. Bb2 Nc6 8. a3 O-O 9. Bd3 Re8 10. b4 Bb6 11. c4 d4 12. exd4 Nxd4 13. c5 Nxf3+ 14. Qxf3 Bc7 15. Rd1 e5 16. Ne4 Qe7 17. O-O Rb8 18. Rfe1 Be6 19. Nxf6+ Qxf6 20. Qe4 Qh6 21. Bb5 f5 22. Qe3 Qxe3 23. Rxe3 Red8 24. Red3 Rxd3 25. Rxd3 Kf7 26. c6 a6 27. Ba4 b5 28. Bb3 Rd8 29. Rxd8 Bxd8 30. Bxe5 Bxb3 31. c7 Bxc7 32. Bxc7 Ke6 33. f3 Kd5 34. Kf2 Bc2 35. Ke3 g5 36. Kd2 Bb1 37. g4 fxg4 38. fxg4 Ke4 39. Ke2 Kd4 40. Bd8 Kc3 41. Bxg5 Kb3 42. Bc1 Kc2 43. Bd2 Kb3 44. h4 Kxa3 45. Ke3 Kb3 46. Kd4 Bc2 47. Ke5 Kc4 48. g5 Kd3 49. Be1 Ke2 50. Bc3 Kf3 51. h5 Kg4 52. g6 hxg6 53. h6 g5 54. Kf6 Kh5 55. Kg7 g4 56. Be5 Kg5 57. Bc7 Bd3 58. h7 Bxh7 59. Kxh7 Kf5 60. Kh6 Ke6 61. Kg5 Kd7 62. Bg3 a5 63. bxa5 Kc6 64. Kxg4 Kb7 65. Kf5 b4 66. Ke4 b3 67. Kd3 b2 68. Kc2 b1=B+ 69. Kxb1 Ka8 70. Kb2 Kb7 71. Kb3 Ka8 72. Kb4 Kb7 73. Kb5 Ka8 74. a6 Ka7 75. Bf2+ Ka8 76. Kb6 Kb8 77. Bc5 Ka8 78. a7 1/2-1/2

[Event "Oberliga Wuerttemberg 2023-24"]
[Site "Wuerttemberg"]
[Date "2024.04.14"]
[Round "9.29"]
[White "Bossinger, Patrick"]
[Black "Gustain, Marc"]
[Result "0-1"]
[ECO "B01"]
[WhiteElo "2087"]
[BlackElo "2186"]
[Annotator "RC"]
[PlyCount "166"]
[EventDate "2024.03.14"]
[EventType "team-tourn"]
[EventCountry "GER"]
[SourceTitle "playchess.com"]
[Source "ChessBase"]
[SourceQuality "1"]
[TimeControl "40/5400+30:1800+30"]

1. e4 d5 2. exd5 Qxd5 3. Nc3 Qd8 4. Nf3 Nf6 5. Bc4 a6 6. a4 Nc6 7. h3 Bf5 8. d3 e6 9. O-O Be7 10. Bf4 O-O 11. Nh4 Nd4 12. Nxf5 Nxf5 13. Re1 Bd6 14. Bxd6 Nxd6 15. Bb3 c5 16. a5 Qc7 17. Qf3 Nf5 18. Ne2 Rad8 19. Red1 Ne7 20. Qf4 Rd6 21. c3 Rfd8 22. Qc4 Qc6 23. Bc2 Qd5 24. Qa4 Qc6 25. Qc4 Qd5 26. Qa4 Qe5 27. Re1 Qg5 28. Qf4 Qxf4 29. Nxf4 Nc6 30. g3 Nd7 31. h4 Nde5 32. Kg2 h6 33. h5 Ng4 34. Ra4 Nf6 35. Rh1 Nd5 36. Ne2 Nf6 37. Rc4 Nd7 38. Ra1 Nce5 39. Re4 Nxd3 40. Rd1 Nf6 41. Rc4 Nxh5 42. Bxd3 Rxd3 43. Rxd3 Rxd3 44. Rxc5 Nf6 45. Rc8+ Kh7 46. Nd4 e5 47. Nb3 e4 48. Rb8 Rd7 49. Nc5 Rd2 50. Kg1 Rxb2 51. Rxb7 Rxb7 52. Nxb7 Nd7 53. Nd6 Nc5 54. Nxf7 Nb3 55. Nd6 Nxa5 56. Nxe4 Nc6 57. Kf1 Kg6 58. Ke2 Kf5 59. Ke3 g5 60. Nc5 a5 61. Kf3 h5 62. g4+ hxg4+ 63. Kg3 Ne5 64. Kg2 Nc4 65. Na4 Kf4 66. Kh2 Kf3 67. Kg1 g3 68. fxg3 Kxg3 69. Nc5 g4 70. Ne4+ Kf4 71. Nf2 a4 72. Nd3+ Ke3 73. Nb4 Kd2 74. Na2 Ke3 75. Kg2 Kf4 76. Nb4 a3 77. Kf2 g3+ 78. Kg2 Ne3+ 79. Kg1 Kf3 80. Na2 Nc4 81. Nb4 Nb2 82. Na2 Nd3 83. c4 Nf4 0-1

[Event "Oberliga Wuerttemberg 2023-24"]
[Site "Wuerttemberg"]
[Date "2024.04.14"]
[Round "9.30"]
[White "Rempeli, Alex"]
[Black "Jaskulski, Jan"]
[Result "0-1"]
[ECO "A35"]
[WhiteElo "2094"]
[BlackElo "1997"]
[Annotator "NA RC"]
[PlyCount "94"]
[EventDate "2024.03.14"]
[EventType "team-tourn"]
[EventCountry "GER"]
[SourceTitle "playchess.com"]
[Source "ChessBase"]
[SourceQuality "1"]
[TimeControl "40/5400+30:1800+30"]

1. d4 Nf6 2. Nf3 g6 3. e3 Bg7 4. c4 O-O 5. Be2 d6 6. Nc3 c5 7. O-O cxd4 8. Nxd4 Nc6 9. Re1 Bd7 10. b3 Qa5 11. Bb2 Nxd4 12. exd4 d5 13. Nxd5 Nxd5 14. cxd5 Bf6 15. Bf3 Qb6 16. Qd2 Rac8 17. Rac1 Qa6 18. a3 Kg7 19. g3 Bh3 20. g4 h6 21. Rxc8 Rxc8 22. Be2 Qd6 23. Qe3 Rc2 24. Ba1 Qxa3 25. Qxh3 Rxe2 26. Rxe2 Qxa1+ 27. Kg2 Qxd4 28. Qf3 a5 29. Ra2 b6 30. Ra4 Qd2 31. Rf4 b5 32. h4 g5 33. hxg5 hxg5 34. Rf5 a4 35. bxa4 bxa4 36. Qa3 Qd4 37. Kh3 Qc3+ 38. Rf3 Qe1 39. Kg2 Qe4 40. Kg3 Be5+ 41. Kg2 Qxg4+ 42. Kf1 Qc4+ 43. Rd3 Bd6 44. Qa1+ f6 45. Ke2 a3 46. Qd4 Qa6 47. f4 a2 0-1

[Event "Oberliga Wuerttemberg 2023-24"]
[Site "Wuerttemberg"]
[Date "2024.04.14"]
[Round "9.31"]
[White "Buechele, Johannes"]
[Black "Koellner, Christof"]
[Result "0-1"]
[ECO "E61"]
[WhiteElo "1912"]
[BlackElo "2015"]
[Annotator "NA RC"]
[PlyCount "88"]
[EventDate "2024.03.14"]
[EventType "team-tourn"]
[EventCountry "GER"]
[SourceTitle "playchess.com"]
[Source "ChessBase"]
[SourceQuality "1"]
[TimeControl "40/5400+30:1800+30"]

1. d4 d6 2. Nf3 Nf6 3. c4 g6 4. Nc3 Bf5 5. d5 Bg7 6. Nd4 Bd7 7. e4 O-O 8. Be2 Na6 9. Be3 Nc5 10. f3 a5 11. O-O e5 12. dxe6 fxe6 13. Nb3 Nxb3 14. Qxb3 Bc6 15. Rad1 Qe7 16. Rfe1 Nh5 17. Bf1 Be5 18. Bd4 Bxd4+ 19. Rxd4 Qg5 20. Ne2 a4 21. Qa3 b6 22. g3 Qc5 23. Qxc5 bxc5 24. Rd3 Rab8 25. b3 axb3 26. axb3 Ra8 27. Nc1 e5 28. Bg2 Ra1 29. Rc3 Ng7 30. Nd3 Rxe1+ 31. Nxe1 Ne6 32. Nc2 Rb8 33. Bh3 Nd4 34. Nxd4 cxd4 35. Rd3 Kf7 36. Kf2 Ke7 37. Bg2 g5 38. Ke2 h5 39. Kd2 Ra8 40. Kc1 Ra1+ 41. Kb2 Re1 42. Rd2 g4 43. f4 exf4 44. gxf4 Bxe4 0-1

[Event "Oberliga Wuerttemberg 2023-24"]
[Site "Wuerttemberg"]
[Date "2024.04.14"]
[Round "9.32"]
[White "Brenner, Markus"]
[Black "Deiringer, Julius"]
[Result "1/2-1/2"]
[ECO "C54"]
[WhiteElo "2106"]
[BlackElo "1865"]
[Annotator "RC"]
[PlyCount "25"]
[EventDate "2024.03.14"]
[EventType "team-tourn"]
[EventCountry "GER"]
[SourceTitle "playchess.com"]
[Source "ChessBase"]
[SourceQuality "1"]
[TimeControl "40/5400+30:1800+30"]

1. e4 e5 2. Nf3 Nc6 3. d4 exd4 4. Bc4 Bc5 5. c3 Nf6 6. e5 d5 7. Be2 Ne4 8. cxd4 Bb6 9. O-O O-O 10. Nc3 Be6 11. Be3 f6 12. exf6 Qxf6 13. Na4 1/2-1/2